 Dungeon Crawl Stone Soup version 0.30.1-9-gdf580d7c3d (webtiles) character file.

Game seed: 2082593977399094522

9912 Renzlar the Blocker (level 11, -1/89 HPs)
             Began as a Gnoll Fighter on Oct 17, 2023.
             Was an Elder of Okawaru.
             Slain by a catoblepas (4 damage)
             ... while petrified by a catoblepas
             ... in a Gauntlet on Oct 19, 2023.
             The game lasted 00:44:34 (9325 turns).

Renzlar the Blocker (Gnoll Fighter)                 Turns: 9325, Time: 00:44:34

Health: -1/89      AC: 16    Str: 28    XL:     11   Next: 53%
Magic:  20/20      EV:  2    Int:  9    God:    Okawaru [****..]
Gold:   693        SH:  0    Dex: 11    Spells: 20/23 levels left

rFire   . . .        b - +0 mace (heavy)
rCold   . . .        u - +0 buckler
rNeg    + + +        q - +5 scale mail of the Furrier {Str+3}
rPois   ∞            h - +0 helmet
rElec   .            (no cloak)
rCorr   .            j - +0 pair of gloves
SInv    +            (no boots)
Will    .....        l - amulet of regeneration
Stlth   ++           k - +6 ring of strength
HPRegen 1.14/turn    x - ring of see invisible
MPRegen 0.17/turn

%: no teleportation
@: petrified
A: fangs 1, strong nose, distributed training
a: Renounce Religion, Heroism, Finesse


You were in a Gauntlet.
You worshipped Okawaru.
Okawaru was greatly pleased with you.
You visited 2 branches of the dungeon, and saw 12 of its levels.
You also visited: Gauntlet.

You collected 693 gold pieces.

Inventory:

Hand Weapons
 a - a +2 war axe
 b - a +0 heavy mace (weapon)
 c - a +0 sling
 e - a +1 hand axe of electrocution
 v - the +7 dagger "Vipulu" {freeze, rF+ Int+3}
   (You found it on level 7 of the Dungeon)

   Int:       It affects your intelligence (+3).
   rF:        It protects you from fire.
Missiles
 r - a throwing net (quivered)
 s - 36 poisoned darts
Armour
 h - a +0 helmet (worn)
 j - a +0 pair of gloves (worn)
 q - the +5 scale mail of the Furrier (worn) {Str+3}
   (You took it off a kobold on level 3 of the Dungeon)

   Str:       It affects your strength (+3).
 u - a +0 buckler (worn)
Jewellery
 k - a +6 ring of strength (left hand)
 l - an amulet of regeneration (around neck)
 p - a ring of flight
 w - an amulet of reflection
 x - a ring of see invisible (right hand)
Wands
 m - a wand of mindburst (4)
 o - a wand of acid (13)
 t - a wand of iceblast (17)
Scrolls
 i - a scroll of enchant weapon
 y - 3 scrolls of teleportation
 z - a scroll of fog
Potions
 f - 2 potions of flight
 n - a potion of mutation
 A - 3 potions of curing
 B - 2 potions of resistance
 D - a potion of cancellation


   Skills:
 + Level 9.4 Fighting
 + Level 6.6 Short Blades
 + Level 6.6 Long Blades
 + Level 8.1 Axes
 + Level 6.6 Maces & Flails
 + Level 6.6 Polearms
 + Level 6.6 Staves
 + Level 6.6 Ranged Weapons
 + Level 6.6 Throwing
 + Level 9.4 Armour
 + Level 6.6 Dodging
 + Level 6.6 Stealth
 + Level 9.4 Shields
 + Level 6.6 Unarmed Combat
 + Level 6.6 Spellcasting
 + Level 5.5 Conjurations
 + Level 5.5 Hexes
 + Level 5.5 Summonings
 + Level 5.5 Necromancy
 + Level 5.5 Translocations
 + Level 5.5 Transmutations
 + Level 5.5 Fire Magic
 + Level 5.5 Ice Magic
 + Level 5.5 Air Magic
 + Level 5.5 Earth Magic
 + Level 5.5 Poison Magic
 + Level 7.2 Invocations
 + Level 6.6 Evocations


You had 20 spell levels left.
You knew the following spells:

 Your Spells              Type           Power      Damage    Failure   Level
a - Swiftness             Air            12%        N/A       14%         3

Your spell library contained the following spells:

 Spells                   Type           Power      Damage    Failure   Level
 Apportation              Tloc           24%        N/A       4%          1
 Necrotise                Necr           48%        1d6       4%          1
 Shock                    Conj/Air       48%        1d6       4%          1
 Slow                     Hex            48%        N/A       4%          1
 Static Discharge         Conj/Air       24%        2-3/arc   7%          2
 Confusing Touch          Hex            12%        N/A       14%         3
 Dazzling Flash           Conj/Hex       24%        N/A       14%         3
 Vampiric Draining        Necr           12%        2d6       14%         3
 Volatile Blastmotes      Fire/Tloc      24%        2d12      14%         3
 Airstrike                Air            6%         2d(1-17)  43%         4
 Iskenderun's Mystic Bla  Conj/Tloc      12%        2d5       43%         4
 Starburst                Conj/Fire      6%         6d4       100%        6
 Orb of Destruction       Conj           6%         9d6       100%        7
 Summon Small Mammal      Summ           Unusable   N/A       N/A         1
 Summon Guardian Golem    Hex/Summ       Unusable   N/A       N/A         3
 Summon Lightning Spire   Summ/Air       Unusable   N/A       N/A         4
 Spellforged Servitor     Conj/Summ      Unusable   N/A       N/A         7

Dungeon Overview and Level Annotations

Branches:
Dungeon (11/15)            Temple (1/1) D:5             Orc (0/2) D:11
Gauntlet (1/1)
   Lair: D:8-11

Altars:
Ashenzari
Cheibriados
Elyvilon
Gozag
Kikubaaqudgha
Makhleb
Nemelex Xobeh
Okawaru
Sif Muna
Trog
Vehumet
Wu Jian
Yredelemnul
The Shining One

Shops:
D:6 !

Annotations:
Gauntlet 13 transporters, 1 runed translucent door


Innate Abilities, Weirdness & Mutations

You have very sharp teeth.
Your uncanny sense of smell can sniff out nearby items.
Your experience applies equally to all skills.


Message History

The stone arrow hits you!
You barely miss the catoblepas.
You bite the catoblepas, but do no damage.
The catoblepas is moderately wounded.
The catoblepas breathes a plume of calcifying dust at you.
The blast of calcifying dust hits you but does no damage.
You sock the catoblepas!
The catoblepas is moderately wounded.
You are engulfed in calcifying dust.
You are slowing down.
The catoblepas gores you! x2; Your limbs are stiffening.
Unknown command.
Unknown command.
Unknown command.
Unknown command.
You sock the catoblepas!
You bite the catoblepas, but do no damage.
The catoblepas is heavily wounded.
You are engulfed in calcifying dust.
The catoblepas gores you. The catoblepas gores you!!
The gargoyle hits you with a +0 mace.
You have turned to stone.
You are engulfed in calcifying dust.
The catoblepas breathes a plume of calcifying dust at you.
The blast of calcifying dust hits you. The gargoyle hits you with a +0 mace.
The catoblepas gores you!!
* * * LOW HITPOINT WARNING * * *
The gargoyle hits you with a +0 mace!
* * * LOW HITPOINT WARNING * * *
The catoblepas looks more healthy.
The catoblepas gores you!!
* * * LOW HITPOINT WARNING * * *
The gargoyle hurls a stone arrow at you.
The stone arrow hits you.
* * * LOW HITPOINT WARNING * * *
The catoblepas barely misses you. The gargoyle hits you with a +0 mace.
* * * LOW HITPOINT WARNING * * *
The catoblepas gores you!
* * * LOW HITPOINT WARNING * * *
The gargoyle completely misses you. The catoblepas gores you!
You die...

#≈..∩...∩..≈# ####.....©.....####
#≈≈..#########..≈≈#
#≈...#..#.#..#...≈#
####..♣.#.#.#.#.#.♣..####
#≈≈..PP.#.#.#(#.#..P..≈≈#
#≈..♣...#..#©#..#..P♣..≈#
####..PPPP.#.#.#Y#.#.......####
#≈≈..♣.P.♣.#.#.#@#.#.♣...♣..≈≈#
#≈.........#".#9#?.#.........≈#
#...#######################...###
....#©.........©.........©#....≈≈
.#############################..≈
.#...zzzz#...........#....w###...
.#..#..zz#...#≈#≈#...#.###.###.♣.
.#.###...#.PP≈≈≈≈≈.P.#.##..#.#...
.#..#©#..#.♣P#≈#≈#P♣.#...©...#.♣.


You could see a catoblepas and a gargoyle.

Vanquished Creatures
  A two-headed ogre (D:9)
  An ugly thing (D:11)
  A manticore (D:11)
  5 gargoyles
  A komodo dragon (D:10)
  2 trolls
  2 hornets
  2 wyverns
  Grum (D:11)
  8 yaks (D:11)
  A steam dragon (D:7)
  Menkaure (D:6)
  2 vampire mosquitoes (D:10)
  An acid dragon (D:8)
  4 orc warriors
  A sky beast (D:6)
  2 black bears
  An ice beast (D:4)
  3 ogres
  4 centaurs
  4 wolves
  5 kobold brigands
  A gnoll sergeant (D:8)
  2 scorpions
  3 wights (D:10)
  11 killer bees
  3 electric eels (D:11)
  2 jellies
  6 hounds
  5 orc priests
  2 iguanas
  9 orc wizards
  8 gnolls
  8 adders
  2 shadow imps
  2 white imps
  3 worms
  2 dart slugs
  32 orcs
  4 bats
  7 endoplasms
  3 giant cockroaches
  A goblin (D:4)
  6 hobgoblins
  3 jackals (D:3)
  5 quokkas
  3 ball pythons (D:1)
  3 frilled lizards
  28 kobolds
  7 rats
224 creatures vanquished.

Notes
Turn   | Place    | Note
-------+----------+-------------------------------------------
     0 | D:1      | Renzlar the Gnoll Fighter began the quest for the Orb.
     0 | D:1      | Reached XP level 1. HP: 23/23 MP: 1/1
   108 | D:1      | You fall into a shaft and drop 1 floor!
   210 | D:1      | Reached XP level 2. HP: 29/29 MP: 2/2
   703 | D:2      | Reached XP level 3. HP: 35/35 MP: 3/3
   924 | D:2      | Reached skill level 1 in Invocations
  1004 | D:2      | Noticed an ogre
  1008 | D:2      | Killed an ogre
  1009 | D:2      | Reached skill level 1 in Short Blades
  1009 | D:2      | Reached skill level 1 in Long Blades
  1009 | D:2      | Reached skill level 1 in Maces & Flails
  1009 | D:2      | Reached skill level 1 in Polearms
  1009 | D:2      | Reached skill level 1 in Staves
  1009 | D:2      | Reached skill level 1 in Ranged Weapons
  1009 | D:2      | Reached skill level 1 in Throwing
  1009 | D:2      | Reached skill level 1 in Dodging
  1009 | D:2      | Reached skill level 1 in Stealth
  1009 | D:2      | Reached skill level 1 in Unarmed Combat
  1009 | D:2      | Reached skill level 1 in Spellcasting
  1009 | D:2      | Reached skill level 1 in Conjurations
  1009 | D:2      | Reached skill level 1 in Hexes
  1009 | D:2      | Reached skill level 1 in Summonings
  1009 | D:2      | Reached skill level 1 in Necromancy
  1009 | D:2      | Reached skill level 1 in Translocations
  1009 | D:2      | Reached skill level 1 in Transmutations
  1009 | D:2      | Reached skill level 1 in Fire Magic
  1009 | D:2      | Reached skill level 1 in Ice Magic
  1009 | D:2      | Reached skill level 1 in Air Magic
  1009 | D:2      | Reached skill level 1 in Earth Magic
  1009 | D:2      | Reached skill level 1 in Poison Magic
  1009 | D:2      | Reached skill level 1 in Evocations
  1009 | D:2      | Reached XP level 4. HP: 27/41 MP: 4/6
  1009 | D:2      | Reached XP level 5. HP: 31/47 MP: 4/7
  1477 | D:3      | Found an opulent altar of Gozag.
  1749 | D:3      | Identified the +5 scale mail of the Furrier {Str+3}
  1769 | D:3      | Reached XP level 6. HP: 53/53 MP: 8/8
  2039 | D:3      | Found an ornate altar of the Wu Jian Council.
  2304 | D:3      | Reached skill level 5 in Axes
  2360 | D:4      | Noticed an ice beast
  2370 | D:4      | Killed an ice beast
  2375 | D:4      | Noticed a black bear
  2389 | D:4      | Killed a black bear
  2390 | D:4      | Reached XP level 7. HP: 55/60 MP: 10/10
  2871 | D:4      | Found a broken altar of Ashenzari.
  2871 | D:4      | Found a sparkling altar of Nemelex Xobeh.
  2871 | D:4      | Found a snail-covered altar of Cheibriados.
  2871 | D:4      | Found a glowing golden altar of the Shining One.
  2921 | D:4      | Found a burning altar of Makhleb.
  2927 | D:4      | Found a bloodstained altar of Trog.
  2970 | D:5      | Entered Level 5 of the Dungeon
  3204 | D:5      | Reached XP level 8. HP: 67/67 MP: 12/12
  3307 | D:5      | Found a staircase to the Ecumenical Temple.
  3337 | Temple   | Entered the Ecumenical Temple
  3345 | Temple   | Became a worshipper of Warmaster Okawaru
  4052 | D:6      | Found Eshreno's Distillery.
  4107 | D:6      | Noticed Menkaure
  4116 | D:6      | Killed Menkaure
  4264 | D:6      | Noticed a hornet
  4269 | D:6      | Paralysed by a hornet for 1 turns
  4275 | D:6      | Paralysed by a hornet for 3 turns
  4286 | D:6      | Killed a hornet
  4289 | D:6      | Reached * piety under Okawaru
  4656 | D:6      | Found a radiant altar of Vehumet.
  4676 | D:6      | Found an ancient bone altar of Kikubaaqudgha.
  4685 | D:6      | Found a shimmering blue altar of Sif Muna.
  4690 | D:6      | Reached XP level 9. HP: 73/73 MP: 14/14
  4980 | D:7      | Identified the +7 dagger "Vipulu" {freeze, rF+ Int+3}
  5489 | D:7      | Reached ** piety under Okawaru
  5742 | D:8      | Noticed a hornet
  5750 | D:8      | Paralysed by a hornet for 3 turns
  5754 | D:8      | Killed a hornet
  5755 | D:8      | Reached skill level 5 in Invocations
  5867 | D:8      | Learned a level 3 spell: Swiftness
  6212 | D:8      | Noticed a gargoyle
  6218 | D:8      | Killed a gargoyle
  6248 | D:8      | Noticed a gargoyle
  6261 | D:8      | Killed a gargoyle
  6261 | D:8      | Reached *** piety under Okawaru
  6262 | D:8      | Reached skill level 5 in Short Blades
  6262 | D:8      | Reached skill level 5 in Long Blades
  6262 | D:8      | Reached skill level 5 in Maces & Flails
  6262 | D:8      | Reached skill level 5 in Polearms
  6262 | D:8      | Reached skill level 5 in Staves
  6262 | D:8      | Reached skill level 5 in Ranged Weapons
  6262 | D:8      | Reached skill level 5 in Throwing
  6262 | D:8      | Reached skill level 5 in Dodging
  6262 | D:8      | Reached skill level 5 in Stealth
  6262 | D:8      | Reached skill level 5 in Unarmed Combat
  6262 | D:8      | Reached skill level 5 in Spellcasting
  6262 | D:8      | Reached skill level 5 in Evocations
  6262 | D:8      | Reached XP level 10. HP: 61/81 MP: 17/17
  6287 | D:8      | Noticed a gargoyle
  6294 | D:8      | Killed a gargoyle
  6317 | D:8      | Noticed a gargoyle
  6327 | D:8      | Killed a gargoyle
  7710 | D:9      | Noticed a two-headed ogre
  7721 | D:9      | Killed a two-headed ogre
  7900 | D:10     | Entered Level 10 of the Dungeon
  7946 | D:10     | Noticed a gargoyle
  7967 | D:10     | Killed a gargoyle
  7967 | D:10     | Reached **** piety under Okawaru
  8166 | D:10     | Reached skill level 5 in Conjurations
  8166 | D:10     | Reached skill level 5 in Hexes
  8166 | D:10     | Reached skill level 5 in Summonings
  8166 | D:10     | Reached skill level 5 in Necromancy
  8166 | D:10     | Reached skill level 5 in Translocations
  8166 | D:10     | Reached skill level 5 in Transmutations
  8166 | D:10     | Reached skill level 5 in Fire Magic
  8166 | D:10     | Reached skill level 5 in Ice Magic
  8166 | D:10     | Reached skill level 5 in Air Magic
  8166 | D:10     | Reached skill level 5 in Earth Magic
  8166 | D:10     | Reached skill level 5 in Poison Magic
  8270 | D:10     | Reached XP level 11. HP: 88/89 MP: 20/20
  8294 | D:10     | Found a white marble altar of Elyvilon.
  8770 | D:11     | Found a staircase to the Orcish Mines.
  8829 | D:11     | Noticed a manticore
  8846 | D:11     | Killed a manticore
  8846 | D:11     | Received a gift from Okawaru
  8880 | D:11     | Noticed Grum
  8921 | D:11     | Killed Grum
  9014 | D:11     | Noticed a white ugly thing
  9036 | D:11     | Killed a white ugly thing
  9108 | D:11     | Found a gate leading to a gauntlet.
  9117 | Gauntlet | Entered a Gauntlet
  9117 | Gauntlet | Found a transporter.
  9118 | Gauntlet | Noticed a catoblepas
  9126 | Gauntlet | Found a transporter.
  9128 | Gauntlet | Found a transporter.
  9148 | Gauntlet | Found a transporter.
  9150 | Gauntlet | Noticed an entropy weaver
  9151 | Gauntlet | Found a transporter.
  9161 | Gauntlet | Found a runed translucent door.
  9165 | Gauntlet | Found a transporter.
  9180 | Gauntlet | Found a transporter.
  9180 | Gauntlet | Noticed a wizard
  9181 | Gauntlet | Noticed a wizard
  9187 | Gauntlet | Noticed a reaper
  9190 | Gauntlet | Found a transporter.
  9199 | Gauntlet | Found a transporter.
  9199 | Gauntlet | Found a transporter.
  9209 | Gauntlet | Found a transporter.
  9216 | Gauntlet | Found a transporter.
  9243 | Gauntlet | Found a transporter.
  9250 | Gauntlet | Noticed a green ugly thing
  9256 | Gauntlet | Noticed a glowing orange brain
  9258 | Gauntlet | Found a transporter.
  9324 | Gauntlet | HP: 2/89 [catoblepas (5)]
  9325 | Gauntlet | Slain by a catoblepas

Illustrated notes

Levels and vault maps discovered:
D:1:      eino_arrival_water_star, layout_basic
D:2:      layout_basic
D:3:      layout_rooms, nzn_wu_jian_council_hall,
          nicolae_overflow_crystal_walls, serial_corexii_hall,
          chequers_hall_statues_wall_a, corexii_hall_statues_x,
          grunt_decor_fettered, serial_bayou_pond_d, minmay_diced_spiral
D:4:      layout_rooms, minmay_overflow_temple_hex
D:5:      layout_basic, temple_pool_b, item_on_display_a
D:6:      layout_loops_corners, palyth_temple_overflow_mages, serial_shops,
          kennysheep_mini_moat, uniq_menkaure
D:7:      layout_loops_ring, hangedman_decor_lopped
D:8:      cheibrodos_statue_roulette, layout_basic
D:9:      layout_layer_cave
D:10:     layout_irregular_city, mainiacjoe_overflow_tiny_flanked,
          chequers_serial_rivers_micro_c
D:11:     layout_roguey, erik_lair_island, david_orc_2, gauntlet_entry_generic,
          uniq_grum
Temple:   dpeg_chambers_temple
Gauntlet: minmay_gauntlet_77_tree [minmay_gauntlet_arena_77_braids,
          minmay_gauntlet_arena_77_double_cross,
          minmay_gauntlet_arena_77_p_blocks,
          minmay_gauntlet_arena_77_chump_sandwich, minmay_gauntlet_arena_77_fan,
          minmay_gauntlet_arena_77_museum, minmay_gauntlet_arena_77_path,
          gauntlet_exit_hidden_loot]

Skill      XL: |  1  2  3  4  5  6  7  8  9 10 11 |
---------------+----------------------------------+-----
Invocations    | 1 2 3 4 5 6 7 |  7.2
Short Blades   | 1 2 3 5 6 |  6.6
Long Blades    | 1 2 3 5 6 |  6.6
Maces & Flails | 1 2 3 5 6 |  6.6
Polearms       | 1 2 3 5 6 |  6.6
Staves         | 1 2 3 5 6 |  6.6
Ranged Weapons | 1 2 3 5 6 |  6.6
Throwing       | 1 2 3 5 6 |  6.6
Dodging        | 1 2 3 5 6 |  6.6
Stealth        | 1 2 3 5 6 |  6.6
Unarmed Combat | 1 2 3 5 6 |  6.6
Spellcasting   | 1 2 3 5 6 |  6.6
Conjurations   | 1 2 3 4 5 |  5.5
Hexes          | 1 2 3 4 5 |  5.5
Summonings     | 1 2 3 4 5 |  5.5
Necromancy     | 1 2 3 4 5 |  5.5
Translocations | 1 2 3 4 5 |  5.5
Transmutations | 1 2 3 4 5 |  5.5
Fire Magic     | 1 2 3 4 5 |  5.5
Ice Magic      | 1 2 3 4 5 |  5.5
Air Magic      | 1 2 3 4 5 |  5.5
Earth Magic    | 1 2 3 4 5 |  5.5
Poison Magic   | 1 2 3 4 5 |  5.5
Evocations     | 1 2 3 5 6 |  6.6
Axes           | 5 6 7 8 |  8.1
Fighting       | 7 8 9 |  9.4
Armour         | 7 8 9 |  9.4
Shields        | 7 8 9 |  9.4

Action                     |  1- 3 |  4- 6 |  7- 9 | 10-12 || total
---------------------------+-------+-------+-------+-------++-------
  Melee: War axe           |    59 |   121 |   270 |   236 ||   686
         Bite              |     2 |    18 |    34 |    37 ||    91
         Mace              |       |       |       |    81 ||    81
   Fire: Sling             |       |       |    39 |    75 ||   114
  Throw: Boomerang         |       |     4 |     2 |       ||     6
         Dart              |       |       |     4 |    11 ||    15
   Cast: Swiftness         |       |       |       |     1 ||     1
 Invoke: Heroism           |       |       |       |     4 ||     4
  Evoke: Wand              |       |       |     3 |     1 ||     4
    Use: Scroll            |     2 |     1 |    10 |    10 ||    23
         Potion            |     1 |       |     4 |     5 ||    10
 Armour: Scale mail        |    29 |    72 |   155 |   172 ||   428
         Skin              |       |       |       |    13 ||    13
  Dodge: Dodged            |    19 |    62 |   132 |   239 ||   452
  Block: Buckler           |    13 |    43 |    72 |   137 ||   265
